 Dungeon Crawl Stone Soup version 0.24.0-37-gcf1ca852f1 (webtiles) character file.

Game seed: 5072532289795045808, levelgen mode: deterministic

47 Descartes the Ducker (level 3, 0/17 HPs)
             Began as a Felid Monk on Dec 7, 2019.
             Slain by a jelly (2 damage)
             ... on level 2 of the Dungeon.
             The game lasted 00:02:08 (2194 turns).

Descartes the Ducker (Felid Monk)                   Turns: 2194, Time: 00:02:08

Health: 0/17       AC: -7    Str:  8    XL:     3   Next: 48%
Magic:  4/4        EV: 20    Int: 11    God:
Gold:   131        SH:  0    Dex: 18    Spells: 2/2 levels left
                                        Lives:  0   Deaths: 0

rFire    . . .     SeeInvis +     - Unarmed
rCold    . . .     Gourm    .   (shield unavailable)
rNeg     . . .     Faith    .   (armour unavailable)
rPois    .         Spirit   .   (helmet unavailable)
rElec    .         Reflect  .   (cloak unavailable)
rCorr    .         Harm     .   (gloves unavailable)
MR       .....                  (boots unavailable)
Stlth    +++.......             (no amulet)
HPRegen  0.05/turn              (no ring)
MPRegen  0.09/turn              (no ring)

@: corroded, quick
A: very small, no armour, no weapons or thrown items, stealth, claws 1, fangs 3,
see invisible, carnivore, speed 1, shaggy fur 1, slow metabolism 1, sharp paws
a: no special abilities


You were on level 2 of the Dungeon.
You were completely stuffed.

You visited 1 branch of the dungeon, and saw 2 of its levels.

You collected 131 gold pieces.

Inventory:

Missiles
 c - 107 stones
 d - 38 arrows
Scrolls
 b - 3 scrolls of identify {unknown}
 e - a scroll of fog {unknown}
 h - a scroll of teleportation {unknown}
 j - a scroll of random uselessness {unknown}
Potions
 g - a potion of heal wounds {unknown}
 i - a potion of flight {unknown}
 k - 2 potions of invisibility {unknown}
Comestibles
 a - 2 rations


   Skills:
 + Level 3.3 Fighting
 + Level 4.4 Dodging
 + Level 3.5 Stealth
 * Level 3.6 Unarmed Combat


You had 2 spell levels left.
You didn't know any spells.
Your spell library was empty.

Dungeon Overview and Level Annotations

Branches:
Dungeon (2/15)

Altars:


Innate Abilities, Weirdness & Mutations

You cannot wear armour.
You are incapable of wielding weapons or throwing items.
Your paws allow you to move quietly. (Stealth)
You have sharp claws.
You have razor-sharp teeth.
You have supernaturally acute eyesight. (SInv)
You are carnivorous and can eat meat at any time.
You cover ground quickly.
You are covered in fur. (AC +1)
You have a slow metabolism.
Your sharp claws are effective at attacking unaware monsters.


Message History

You bite the ooze.
The ooze is almost dead.
The ooze misses you.
You claw the ooze!
You kill the ooze!
The jelly closely misses you.
You see here a +0 dagger.
You scratch the jelly. The acid corrodes you!
Your paws burn!
The jelly is moderately wounded.
The jelly misses you.
You scratch the jelly.
Your paws burn!
* * * LOW HITPOINT WARNING * * *
The jelly is heavily wounded.
The jelly jiggles.
The jelly closely misses you.
You scratch the jelly. The acid corrodes you!
Your paws burn!
* * * LOW HITPOINT WARNING * * *
The jelly is heavily wounded.
The jelly hits you.
You die...

#.# ########## #.#
#.# ).J.JP...# #.#
###.# ÷÷...÷÷P.# #)#
#..># .P..J....# ##.#
#.#.# ...P.P÷..# #...
#.#.# J.J..JJ..# #...
#.#.# J....P.P.#
#######... #.#.#
#######'# #.........
#.#.###...@J.##
#.........
###.#.##.########
#.........
#...#.###..'....#
#.........
#.###.######[...#
#.........
#...#..##.......#
########.#
######.##.##.......#
#.#
#....#....##.......#
#.#
##+##'####.##.......#
#.#
...........###..††)##
#.#


You could see a jelly.

Vanquished Creatures
  2 oozes (D:2)
  2 leopard geckos
  A ball python (D:2)
  2 bats
  2 giant cockroaches (D:1)
  2 goblins
  7 hobgoblins
  7 kobolds
  4 frilled lizards (D:1)
  6 rats
35 creatures vanquished.

Vanquished Creatures (others)
  10 toadstools (D:2)
10 creatures vanquished.

Grand Total: 45 creatures vanquished

Notes
Turn   | Place    | Note
-------+----------+-------------------------------------------
     0 | D:1      | Descartes the Felid Monk began the quest for the Orb.
     0 | D:1      | Reached XP level 1. HP: 10/10 MP: 2/2
   456 | D:1      | Reached XP level 2. HP: 11/14 MP: 3/3
  1607 | D:2      | Reached XP level 3. HP: 13/17 MP: 4/4
  2194 | D:2      | Slain by a jelly

Levels and vault maps discovered:
D:1:      ncdulo_watergridlock, layout_loops_corners, hangedman_decor_lopped
D:2:      cheibrodos_fertilizer, layout_basic

Skill      XL: |  1 |
---------------+----+-----
Stealth        | 3 |  3.5
Fighting       | |  3.3
Dodging        | |  4.4
Unarmed Combat | |  3.6

Action                   || total
-------------------------++-------
Melee: Unarmed           ||   105
       Bite              ||     9
 Stab: Sleeping          ||     9
  Eat: Chunk             ||    10
Armor: Skin              ||     1
Dodge: Dodged            ||    80
